 Dungeon Crawl Stone Soup version 0.29-a0-11-ga75d3d97ab (webtiles) character file.

Game seed: 11023484315719755885

333 HallandMoats the Ruffian (level 6, -2/56 HPs)
             Began as a Ghoul Monk on Jan 28, 2022.
             Slain by a wyvern (13 damage)
             ... on level 4 of the Dungeon.
             The game lasted 00:03:57 (4105 turns).

HallandMoats the Ruffian (Ghoul Monk)               Turns: 4105, Time: 00:03:57

Health: -2/56      AC:  5    Str: 17    XL:     6   Next: 53%
Magic:  5/5        EV: 11    Int:  5    God:
Gold:   167        SH:  0    Dex: 11    Spells: 5/5 levels left

rFire   . . .      SeeInvis .     - Unarmed
rCold   + . .      Faith    .   (no shield)
rNeg    + + +      Spirit   .   b - +0 ring mail
rPois   ∞          Reflect  .   (no helmet)
rElec   .          Harm     .   (no cloak)
rCorr   .          Rampage  .   (no gloves)
Will    .....                   (no boots)
Stlth   +.........              (no amulet)
HPRegen 0.00/turn               (no ring)
MPRegen 0.09/turn               (no ring)

@: inhibited regen
A: claws 1, cold resistance 1, negative energy resistance 3, inhibited
regeneration, torment resistance 2
a: no special abilities


You were on level 4 of the Dungeon.
You visited 1 branch of the dungeon, and saw 4 of its levels.

You collected 167 gold pieces.

Inventory:

Armour
 b - a +0 ring mail (worn)
 c - a +0 kite shield
Scrolls
 d - a scroll of fog
 e - a scroll of enchant armour {unknown}
 f - a scroll of magic mapping {unknown}
 g - 3 scrolls of teleportation
 j - a scroll of fear {unknown}


   Skills:
 * Level 5.2 Fighting
 + Level 2.1 Armour
 + Level 3.5 Dodging
 - Level 2.1 Stealth
 * Level 5.2 Unarmed Combat


You had 5 spell levels left.
You didn't know any spells.
Your spell library contained the following spells:

 Spells                   Type           Power      Damage    Failure   Level
 Magic Dart               Conj           0%         1d3       67%         1
 Call Imp                 Summ           0%         N/A       82%         2
 Mephitic Cloud           Conj/Pois/Air  0%         N/A       96%         3


Dungeon Overview and Level Annotations

Branches:
Dungeon (4/15)
 Temple: D:4-7

Altars:
Vehumet
Wu Jian


Innate Abilities, Weirdness & Mutations

You thrive by killing the living.
You are immune to poison.
You have sharp fingernails.
Your flesh is cold resistant. (rC+)
You are immune to negative energy. (rN+++)
You do not regenerate when monsters are visible.
You are immune to unholy pain and torment.


Message History

You scratch the wyvern but do no damage.
You claw the wyvern.
The wyvern is lightly wounded.
The wyvern bites you but does no damage.
The wyvern bites you!
The endoplasm hits you but does no damage.
You claw the wyvern!
The wyvern is moderately wounded.
The wyvern bites you!
You are too injured to fight recklessly!
You are too injured to fight recklessly!
You are too injured to fight recklessly!
You are too injured to fight recklessly!
You are too injured to fight recklessly!
You are too injured to fight recklessly!
You are too injured to fight recklessly!
You are too injured to fight recklessly!
You are too injured to fight recklessly!
You are too injured to fight recklessly!
You are too injured to fight recklessly!
You are too injured to fight recklessly!
The wyvern bites you!
* * * LOW HITPOINT WARNING * * *
You feel better.
The endoplasm jiggles.
The wyvern bites you!
You claw the wyvern!
The wyvern is severely wounded.
The wyvern closely misses you. The wyvern barely misses you.
You barely miss the wyvern.
The wyvern is severely wounded.
The wyvern barely misses you.
You barely miss the wyvern.
The wyvern is severely wounded.
The wyvern bites you.
* * * LOW HITPOINT WARNING * * *
You claw the wyvern!
The wyvern is almost dead.
The wyvern bites you!
You die...

##.......##
.........
.......##
.......##
.......
....# #J.#
##l# ##@##
##.## #..#
##.## ##.##
##.## ##..#
#..## ##.##


You could see a wyvern and an endoplasm.

Vanquished Creatures
  A black bear (D:3)
  An ogre (D:3)
  A jelly (D:4)
  An iguana (D:4)
  3 gnolls (D:3)
  An adder (D:4)
  An ufetubus (D:3)
  2 worms (D:4)
  An orc (D:3)
  4 bats
  4 endoplasms
  2 giant cockroaches
  5 hobgoblins
  4 jackals (D:3)
  6 kobolds
  2 quokkas (D:1)
  6 ball pythons
  3 frilled lizards (D:2)
  5 goblins
  8 rats
61 creatures vanquished.

Notes
Turn   | Place    | Note
-------+----------+-------------------------------------------
     0 | D:1      | HallandMoats the Ghoul Monk began the quest for the Orb.
     0 | D:1      | Reached XP level 1. HP: 19/19 MP: 0/0
   296 | D:1      | Reached XP level 2. HP: 26/26 MP: 1/1
  1404 | D:2      | Reached XP level 3. HP: 33/33 MP: 2/2
  1772 | D:2      | Reached skill level 1 in Armour
  1973 | D:2      | You fall into a shaft and drop 2 floors!
  2162 | D:3      | Reached XP level 4. HP: 22/40 MP: 3/3
  2576 | D:3      | HP: 1/40 [gnoll (7)]
  2902 | D:3      | Found a radiant altar of Vehumet.
  2903 | D:3      | Found a transporter.
  2910 | D:3      | Found an ornate altar of the Wu Jian Council.
  2912 | D:3      | Noticed a black bear
  2918 | D:3      | Found a transporter.
  2988 | D:3      | Noticed an ogre
  2998 | D:3      | Killed an ogre
  2999 | D:3      | Reached XP level 5. HP: 20/47 MP: 4/4
  3437 | D:3      | Killed a black bear
  3438 | D:3      | Reached skill level 5 in Fighting
  3438 | D:3      | Reached skill level 5 in Unarmed Combat
  3438 | D:3      | Reached XP level 6. HP: 56/56 MP: 5/5
  3535 | D:4      | HP: 1/56 [acid (8)]
  4094 | D:4      | Noticed a wyvern
  4105 | D:4      | Slain by a wyvern

Illustrated notes

Levels and vault maps discovered:
D:1:      dpeg_arrival_ternary, layout_basic
D:2:      layout_loops_cross, minmay_bisected
D:3:      layout_loops_ring, gammafunk_temple_overflow_arena
D:4:      layout_cave_pods, mainiacjoe_overflow_paths, nrook_campfire

Skill      XL: |  1  2  3  4  5  6 |
---------------+-------------------+-----
Armour         | 1 2 |  2.1
Dodging        | 3 |  3.5
Fighting       | 4 5 |  5.2
Unarmed Combat | 4 5 |  5.2
Stealth        | |  2.1

Action                   |  1- 3 |  4- 6 || total
-------------------------+-------+-------++-------
Melee: Unarmed           |   124 |    90 ||   214
       Punch             |     2 |     4 ||     6
  Use: Potion            |       |     4 ||     4
       Scroll            |       |     3 ||     3
 Stab: Sleeping          |     2 |       ||     2
       Distracted        |     1 |       ||     1
Armor: Ring mail         |    33 |    21 ||    54
Dodge: Dodged            |    76 |    51 ||   127

Table legend: (Time is in decaauts)
 A = Elapsed time spent in this place.
 B = Non-inter-level travel time spent in this place.
 C = Inter-level travel time spent in this place.
 D = Time resting spent in this place.
 E = Time spent auto-exploring this place.
 F = Levels seen in this place.
 G = Mean time per level.
                   A        B        C        D        E       F      G
               +--------+--------+--------+--------+--------+-----+--------+
         Total |   4090 |   3943 |    147 |    930 |   2519 |   4 | 1022.5 |
       Dungeon |   4090 |   3943 |    147 |    930 |   2519 |   4 | 1022.5 |
               +--------+--------+--------+--------+--------+-----+--------+

Top non-repeatable levels by time:
     D:3: 1656 daAuts
     D:1: 1271 daAuts
     D:2: 741 daAuts
     D:4: 421 daAuts
